 Dungeon Crawl Stone Soup version 0.31.0-12-g77e489cdc1 (webtiles) character file.

Game seed: 17810885058709135361

7 Aldia the Trooper (level 2, 16/29 HPs)
             Began as an Oni Warper on Feb 12, 2024.
             Quit the game on level 1 of the Dungeon.
             The game lasted 00:00:35 (227 turns).

Aldia the Trooper (Oni Warper)                       Turns: 227, Time: 00:00:36

Health: 16/29      AC:  4    Str: 14    XL:     2   Next: 0%
Magic:  5/5        EV:  9    Int: 14    God:
Gold:   21         SH:  0    Dex:  8    Spells: 5/6 levels left

rFire   . . .        a - +0 mace
rCold   . . .        (no shield)
rNeg    . . .        b - +0 robe
rPois   .            (helmet restricted)
rElec   .            f - +0 cloak
rCorr   .            (gloves unavailable)
SInv    .            (boots unavailable)
Will    .....        (no amulet)
Stlth   +            (no ring)
HPRegen 0.24/turn    (no ring)
MPRegen 0.09/turn

%: no passive effects
@: no status effects
A: large, unfitting armour, horns 1, tough skin 1, double potion healing,
drunken brawling
a: no special abilities


You were on level 1 of the Dungeon.
You visited 1 branch of the dungeon, and saw 1 of its levels.

You collected 21 gold pieces.

Inventory:

Hand Weapons
 a - a +0 mace (weapon)
Missiles
 d - 7 darts of dispersal (quivered)
Armour
 b - a +0 robe (worn)
 f - a +0 cloak (worn)
Scrolls
 c - a scroll of blinking
 g - a scroll of teleportation {unknown}
 h - a scroll of noise {unknown}
Potions
 e - a potion of resistance {unknown}


   Skills:
 + Level 2.9 Fighting
 * Level 2.3 Maces & Flails
 - Level 1.0 Throwing
 - Level 2.1 Dodging
 - Level 2.5 Spellcasting
 + Level 2.8 Translocations


You had 5 spell levels left.
You knew the following spells:

 Your Spells              Type           Power      Damage    Failure   Level
a - Apportation           Tloc           18%        N/A       7%          1

Your spell library contained the following spells:

 Spells                   Type           Power      Damage    Failure   Level
 Blink                    Tloc           18%        N/A       11%         2
 Lesser Beckoning         Tloc           18%        N/A       11%         2
 Teleport Other           Tloc           9%         N/A       22%         3
 Jinxbite                 Hex            2%         N/A       34%         2
 Hailstorm                Conj/Ice       1%         3d5       56%         3
 Summon Ice Beast         Ice/Summ       1%         N/A       56%         3
 Manifold Assault         Tloc           9%         N/A       56%         4
 Vhi's Electric Charge    Tloc/Air       10%        N/A       77%         4
 Alistair's Intoxication  Alch           0%         N/A       99%         5
 Sculpt Simulacrum        Ice/Alch       0%         N/A       100%        6


Dungeon Overview and Level Annotations

Branches:
Dungeon (1/15)

Altars:


Innate Abilities, Weirdness & Mutations

You are too large for most types of armour.
You have a pair of small horns on your head.
You have tough skin. (AC +1)
You gain doubled healing and magic from potions.
Whenever you drink a healing potion, you attack all around you.


Message History

A giant cockroach is nearby!
The giant cockroach bites you but does no damage.
You see here 6 gold pieces.
You hit the giant cockroach.
You kill the giant cockroach!
No target in view!
No target in view!
You now have 21 gold pieces (gained 6).
h - a scroll labelled TUHAN XOUMAOTO You see here a giant cockroach corpse.
A hobgoblin comes into view.
Found a stone staircase leading down.
The hobgoblin shouts!
A hobgoblin is nearby!
A hobgoblin is nearby!
A hobgoblin is nearby!
Found a robe.
A hobgoblin is nearby!
The hobgoblin barely misses you.
You hit the hobgoblin.
You headbutt the hobgoblin, but do no damage.
The hobgoblin is almost dead.
The hobgoblin hits you.
The hobgoblin hits you but does no damage.
You barely miss the hobgoblin.
The hobgoblin is almost dead.
The hobgoblin hits you.
You barely miss the hobgoblin.
The hobgoblin is almost dead.
You closely miss the hobgoblin.
The hobgoblin is severely wounded.
The hobgoblin closely misses you.
A hobgoblin comes into view.
The hobgoblin hits you.
The hobgoblin shouts!
You hit the hobgoblin.
You kill the hobgoblin!
The hobgoblin throws a stone.
The stone hits you.
You have reached level 2!
Are you sure you want to abandon this character and quit the game? (Confirm with "yes".)

#.##.## .###.##.#
.....)#.########) .
##...#........ ..
##.....####### #.#
####.....##
#.g.#.........#####
#.>...#.####......##
#..@.####.####..#
##.....##...###.####
#...##.####.†.......
#..[####...#...##....#
#..##.....[...#..####..
...##..######.......###.
..... ####..#.# #. .#
#####.#.###.
............


You could see a hobgoblin.

Vanquished Creatures
  A giant cockroach (D:1)
  A goblin (D:1)
  3 hobgoblins (D:1)
5 creatures vanquished.

Notes
Turn   | Place    | Note
-------+----------+-------------------------------------------
     0 | D:1      | Aldia the Oni Warper began the quest for the Orb.
     0 | D:1      | Reached XP level 1. HP: 22/22 MP: 3/3
    23 | D:1      | Learned a level 1 spell: Apportation
   227 | D:1      | Reached XP level 2. HP: 16/29 MP: 5/5
   227 | D:1      | Quit the game

Illustrated notes

Levels and vault maps discovered:
D:1:      evilmike_arrival_crescent, layout_rooms

Action                     || total
---------------------------++-------
  Melee: Mace              ||    21
         Headbutt          ||     2
 Armour: Robe              ||    14
  Dodge: Dodged            ||    10
